 Dungeon Crawl Stone Soup version 0.31-a0-221-gbddc013574 (webtiles) character file.

Game seed: 11346151718810776391

206469 qw the Severer (level 18, 1/1 HPs)
             Began as a Gargoyle Fighter on July 4, 2023.
             Was an Initiate of Okawaru.
             Quit the game on level 12 of the Dungeon.
             The game lasted 00:25:38 (68531 turns).

qw the Severer (Gargoyle Fighter)                  Turns: 68531, Time: 00:25:39

Health: 1/1        AC: 43    Str: 33    XL:     18   Next: 72%
Magic:  25/25      EV:  9    Int: 10    God:    Okawaru [......]
Gold:   774        SH: 21    Dex:  9    Spells: 17/17 levels left

rFire   + . .        Y - +9 broad axe (protect)
rCold   + . .        E - +2 tower shield
rNeg    + . .        n - +0 plate armour
rPois   inf          w - +2 helmet
rElec   +            e - +1 cloak
rCorr   .            j - +2 pair of gloves
SInv    +            p - +2 pair of boots
Will    +....        h - amulet "Oqiabla" {rF+ rC+ Regen+ Stlth+} Stlth
                     z - ring of see invisible
HPRegen 1.00/turn    c - +6 ring of strength
MPRegen 0.19/turn

%: no passive effects
@: flying
A: sickness immunity, AC +13, big wings, negative energy resistance 1,
electricity resistance, torment resistance 1, petrification resistance
}: 1/15 runes: gossamer
a: Renounce Religion


You were on level 12 of the Dungeon.
You worshipped Okawaru.
Okawaru was noncommittal.
You visited 5 branches of the dungeon, and saw 29 of its levels.
You also visited: Ossuary.

You collected 2989 gold pieces.
You spent 2215 gold pieces at shops.


Innate Abilities, Weirdness & Mutations

You are immune to sickness and miasma.
Your stone body is resilient. (AC +13)
You are immune to poison.
Your large and strong wings let you fly.
You resist negative energy. (rN+)
You are resistant to electric shocks. (rElec)
You are resistant to unholy torment.
You are immune to petrification.


   Skills:
 + Level 14.6 Fighting
 - Level 18.0 Axes
 - Level 7.0 Throwing
 - Level 14.1 Armour
 - Level 4.9 Dodging
 - Level 18.0 Shields
 - Level 10.0 Invocations


You had 17 spell levels left.
You didn't know any spells.
Your spell library was empty.

Inventory:

Hand Weapons
 Y - a +9 broad axe of protection (weapon)
Missiles
 A - 34 boomerangs (quivered)
Armour
 e - a +1 cloak (worn)
 j - a +2 pair of gloves (worn)
 n - a +0 plate armour (worn)
 p - a +2 pair of boots (worn)
 s - the +4 ring mail of Impermeability {-Tele rCorr Dex+2}
   (Okawaru gifted it to you on level 2 of the Lair of Beasts)

   Dex:       It affects your dexterity (+2).
   -Tele:     It prevents most forms of teleportation.
   rCorr:     It protects you from acid and corrosion.
 w - a +2 helmet (worn)
 y - +0 acid dragon scales
 C - a +2 chain mail of fire resistance
 E - a +2 tower shield (worn)
Jewellery
 c - a +6 ring of strength (right hand)
 h - the amulet "Oqiabla" (around neck) {rF+ rC+ Regen+ Stlth+}
   (You took it off a centaur warrior on level 8 of the Dungeon)

   [amulet of regeneration]

   rF:        It protects you from fire.
   rC:        It protects you from cold.
   Regen:     It increases your rate of health regeneration.
   Stlth:     It makes you more stealthy.
 r - a +6 ring of dexterity
 t - a ring of protection from cold
 z - a ring of see invisible (left hand)
Scrolls
 a - 12 scrolls of teleportation
 l - 2 scrolls of enchant weapon
 o - 17 scrolls of identify
Potions
 b - 4 potions of attraction
 d - 5 potions of might
 f - 6 potions of enlightenment
 g - 2 potions of resistance
 k - 2 potions of magic
 m - 5 potions of curing
 q - 3 potions of haste
 u - 8 potions of mutation
 v - 4 potions of lignification
 x - a potion of heal wounds

Dungeon Overview and Level Annotations

Branches:
Dungeon (15/15)            Temple (0/1) D:6            Lair (5/5) D:8
 Shoals (3/4) Lair:3       Spider (4/4) Lair:3        Slime (0/5) Lair:5
    Orc (2/2) D:11            Elf (0/3) Orc:2        Depths (0/4) D:15
Ossuary (visited)
 Vaults: D:13-14

Altars:
Cheibriados
Dithmenos
Elyvilon
Fedhas
Hepliaklqana
Kikubaaqudgha
Makhleb
Nemelex Xobeh
Okawaru
Sif Muna
Trog
Uskayaw
Vehumet
Xom
Zin
Jiyva

Shops:
D:4 :   D:5 :   D:7 [   Orc:2 *(((   Shoals:2 *

Annotations:
D:7 2 transporters, qw's ghost, novice DEHu
D:13 exclusions: deep elf knight and orc warrior
D:14 exclusion: obsidian statue
Lair:4 2 transporters, qw's ghost, journeyman GrFi
Spider:3 2 transporters
Spider:4 3 runed translucent doors, qw's ghost, adept DEHu; qw's ghost, adept MiHs


Message History

There is a stone staircase leading up here.
There is an open door here.
There is an escape hatch in the ceiling here.
There is an open door here.
There is a stone staircase leading up here.
There is an open door here.
There is an escape hatch in the ceiling here.
There is an open door here.
You see here a +0 morningstar.
There is a stone staircase leading up here.
There is an open door here.
You see here 5 atropa-tipped darts.
There is an open door here.
There is a stone staircase leading up here.
There is an open door here.
There is an open door here.
You see here a +0 morningstar.
There is a stone staircase leading up here.
There is a stone staircase leading up here.
You see here a phantom mirror.
There is an open door here.
There is an escape hatch in the ceiling here.
There is an open door here.
There is a stone staircase leading up here.
You see here a phantom mirror.
Zot has nearly found you.
Suffering is imminent.
Descend or flee this branch!
There is an open door here.
There is an escape hatch in the ceiling here.
There is an open door here.
There is a stone staircase leading up here.
There is an open door here.
There is an open door here.
There is a stone staircase leading up here.
You see here a phantom mirror.
There is an open door here.
Zot's power touches on you...
Buggy note passed: unknown note type HP restored.
68531 ||| QUITTING!
Are you sure you want to abandon this character and quit the game? (Confirm with "yes".)

..............#....#........#####
..............#....#........'..!#
..#####....####....##########...#
..#...#....#.....................
..#...#....#........(....###.....
..#...'.)..#...............#...##
..#####....#...............#..#..
...........#####....<.......###..
...............#@.............#..
...............'.........###...##
...............##########...#....
............................###..
..........#####............#...#.
####......# #..........#.#...##
...#.....[# #..>.........#...#.
...#......# #.............###..
...#......#####.........?..#.....


There were no monsters in sight!

Vanquished Creatures
  A tentacled monstrosity (Shoals:2)
  Rupert (D:15)
  A kraken (Shoals:2)
  Ilsuiw (Shoals:3)
  Louise (Spider:2)
  7 emperor scorpions
  3 ghost moths
  3 broodmothers
  An elemental wellspring (Shoals:1)
  Snorg (Lair:3)
  A merfolk javelineer (Shoals:3)
  8 merfolk impalers
  3 entropy weavers
  Erolcha (D:9)
  8 hydras
  A great orb of eyes (D:15)
  A rakshasa (D:15)
  A radroach (Spider:3)
  2 jorogumos
  An alligator (shapeshifter) (D:8)
  6 centaur warriors
  9 two-headed ogres
  A tengu warrior (D:8)
  A death scarab (Spider:4)
  9 boulder beetles
  2 merfolk aquamancers
  10 death yaks (Lair:5)
  4 demonic crawlers
  An orc high priest (Orc:2)
  Urug (Lair:3)
  6 skysharks
  Amaemon (Lair:3)
  5 pharaoh ants
  3 sun moths
  8 sea snakes
  A sea snake (shapeshifter) (D:8)
  8 orb spiders
  A lindwurm (Lair:5)
  9 steelbarb worms
  A wizard (D:15)
  11 harpies (Shoals:1)
  A deep elf pyromancer (D:8)
  7 manticores
  5 orc sorcerers (Orc:2)
  17 wolf spiders
  18 ugly things
  An oklob plant (Lair:5)
  4 orc knights
  6 cyclopes
  16 elephants
  9 fauns
  4 black mambas
  2 moths of wrath
  6 torpor snails
  10 water nymphs
  6 merfolk sirens
  2 gargoyles
  3 apocalypse crabs (Shoals:2)
  13 cane toads
  5 rime drakes
  An orange demon (Lair:3)
  2 unseen horrors
  A yaktaur (shapeshifter) (D:15)
  10 komodo dragons
  An efreet (D:15)
  A kobold demonologist (D:10)
  A freezing wraith (D:15)
  4 trolls
  29 merfolk
  5 wind drakes
  25 tarantellas
  6 meliai
  5 polar bears
  4 hornets (Lair:5)
  21 blink frogs
  12 snapping turtles
  Prince Ribbit (Lair:3)
  18 dream sheep
  8 slime creatures
  12 jumping spiders
  14 spriggans
  A spriggan (shapeshifter) (D:14)
  16 culicivoras
  A wraith (D:12)
  A vampire (D:9)
  10 wyverns
  2 shadows
  9 water elementals
  Eustachio (D:6)
  62 yaks
  4 basilisks
  8 vampire mosquitoes
  46 redbacks
  A steam dragon (D:8)
  4 wargs (Orc:1)
  3 acid dragons
  12 water moccasins
  Duvessa (D:6)
  24 orc warriors
  4 sky beasts
  19 ogres
  A black bear (shapeshifter) (D:14)
  8 black bears
  3 boggarts (Lair:5)
  22 wolves
  4 centaurs
  A phantom (D:5)
  7 kobold brigands
  Blork the orc (D:6)
  20 bullfrogs
  A scorpion (D:6)
  A gnoll sergeant (D:6)
  19 wights
  Dowan (D:6)
  21 killer bees
  2 electric eels
  4 howler monkeys
  A hound (D:6)
  22 orc priests
  A jelly (D:6)
  A gnoll bouda (D:4)
  4 human zombies (Ossuary)
  6 iguanas
  28 orc wizards
  A hound zombie (Ossuary)
  4 mummies (Ossuary)
  8 gnolls
  9 adders
  A white imp (D:8)
  2 ufetubi (D:5)
  A worm (D:2)
  2 dart slugs
  69 orcs
  5 bats
  4 endoplasms
  A giant cockroach (D:1)
  7 goblins
  11 hobgoblins
  14 jackals
  16 kobolds
  5 quokkas
  6 ball pythons
  4 frilled lizards
  2 gnoll zombies (Ossuary)
  2 hobgoblin zombies (Ossuary)
  A jackal zombie (Ossuary)
  A kobold zombie (Ossuary)
  4 rats
  A rat zombie (Ossuary)
  4 tentacles (Shoals:2)
1054 creatures vanquished.

Vanquished Creatures (others)
  A rakshasa (D:15)
  A jumping spider (Spider:3)
  7 tentacles (Shoals:2)
9 creatures vanquished.

Grand Total: 1063 creatures vanquished

Notes
Turn   | Place    | Note
-------+----------+-------------------------------------------
     0 | D:1      | qw the Gargoyle Fighter began the quest for the Orb.
     0 | D:1      | Reached XP level 1. HP: 14/14 MP: 1/1
     0 | D:1      | 0 ||| qw: Version: 0.3-a-41-g9d075ac
     0 | D:1      | 0 ||| qw: Game counter: 730
     0 | D:1      | 0 ||| qw: Melee chars always use a shield: true
     0 | D:1      | 0 ||| qw: God list: Okawaru
     0 | D:1      | 0 ||| qw: Allow faded altars: false
     0 | D:1      | 0 ||| qw: Do Orc after clearing Dungeon:15 true
     0 | D:1      | 0 ||| qw: Do second Lair branch before Depths: true
     0 | D:1      | 0 ||| qw: Lair rune preference: random
     0 | D:1      | 0 ||| qw: Goals: Normal, Zot:1-4, Slime:5, God:TSO, Crypt,
                  | Tomb, Abyss, Pan, Hells, Win
     0 | D:1      | 0 ||| PLANNING D:1-11
    22 | D:1      | 22 ||| Stepping ~*~*~tactically~*~*~ (stealth).
    23 | D:1      | 23 ||| Stepping ~*~*~tactically~*~*~ (stealth).
    24 | D:1      | 24 ||| Stepping ~*~*~tactically~*~*~ (stealth).
    25 | D:1      | 25 ||| Stepping ~*~*~tactically~*~*~ (stealth).
    38 | D:1      | Reached XP level 2. HP: 11/19 MP: 2/2
   197 | D:1      | 197 ||| Stepping ~*~*~tactically~*~*~ (stealth).
   198 | D:1      | 198 ||| Stepping ~*~*~tactically~*~*~ (stealth).
   211 | D:1      | 211 ||| Stepping ~*~*~tactically~*~*~ (stealth).
   269 | D:1      | Reached skill level 3 in Axes
   298 | D:1      | 298 ||| DROPPING +0 club.
   325 | D:1      | Reached XP level 3. HP: 22/23 MP: 3/3
   338 | D:1      | 338 ||| Stepping ~*~*~tactically~*~*~ (stealth).
   544 | D:1      | 544 ||| UPGRADING to +0 chain mail.
   554 | D:1      | 554 ||| DROPPING +0 scale mail.
   555 | D:1      | 555 ||| READING 2 scrolls labelled HEHIKL UCIO.
   597 | D:2      | 597 ||| Stepping ~*~*~tactically~*~*~ (hiding).
   598 | D:2      | 598 ||| Stepping ~*~*~tactically~*~*~ (hiding).
   788 | D:2      | 788 ||| DROPPING +1 whip of venom.
  1039 | D:2      | Reached XP level 4. HP: 27/28 MP: 4/4
  1067 | D:2      | 1067 ||| Stepping ~*~*~tactically~*~*~ (stealth).
  1175 | D:2      | 1175 ||| Stepping ~*~*~tactically~*~*~ (hiding).
  1176 | D:2      | 1176 ||| Stepping ~*~*~tactically~*~*~ (hiding).
  1178 | D:2      | 1178 ||| Stepping ~*~*~tactically~*~*~ (hiding).
  1497 | D:2      | 1497 ||| UPGRADING to +0 pair of gloves.
  1502 | D:2      | 1502 ||| DROPPING ring of wizardry.
  1503 | D:2      | 1503 ||| READING scroll labelled LESAUC LAZEANK.
  1504 | D:2      | 1504 ||| READING scroll labelled FESTRO HOEP.
  1505 | D:2      | 1505 ||| READING scroll labelled PIF OFRUVARI.
  1506 | D:2      | 1506 ||| DRINKING 2 orange potions.
  1531 | D:3      | 1531 ||| READING scroll of enchant armour.
  1531 | D:3      | 1531 ||| ENCHANTING +0 pair of gloves.
  1571 | D:3      | Reached XP level 5. HP: 16/32 MP: 5/5
  1587 | D:3      | 1587 ||| FLEEEEING.
  1588 | D:3      | 1588 ||| FLEEEEING.
  1589 | D:3      | 1589 ||| FLEEEEING.
  1590 | D:3      | 1590 ||| FLEEEEING.
  1633 | D:3      | 1633 ||| Stepping ~*~*~tactically~*~*~ (stealth).
  1745 | D:3      | 1745 ||| Stepping ~*~*~tactically~*~*~ (stealth).
  1746 | D:3      | 1746 ||| Stepping ~*~*~tactically~*~*~ (stealth).
  1747 | D:3      | 1747 ||| Stepping ~*~*~tactically~*~*~ (stealth).
  1748 | D:3      | 1748 ||| Stepping ~*~*~tactically~*~*~ (stealth).
  1749 | D:3      | 1749 ||| Stepping ~*~*~tactically~*~*~ (stealth).
  1921 | D:3      | 1921 ||| Stepping ~*~*~tactically~*~*~ (stealth).
  2075 | D:3      | 2075 ||| Stepping ~*~*~tactically~*~*~ (hiding).
  2555 | D:3      | 2555 ||| UPGRADING to +0 kite shield.
  2565 | D:3      | 2565 ||| DROPPING +0 buckler.
  2566 | D:3      | 2566 ||| UPGRADING to +0 plate armour.
  2576 | D:3      | 2576 ||| DROPPING +0 chain mail.
  2577 | D:3      | 2577 ||| READING scroll labelled VIOPPAOMIU.
  2578 | D:3      | 2578 ||| READING scroll labelled WYHEUSA VIYMAUR.
  2579 | D:3      | 2579 ||| READING scroll labelled NICIJA MUPRO.
  2641 | D:4      | Found Xaskit's Self-Improvement Boutique.
  2771 | D:4      | Found an iron altar of Okawaru.
  2771 | D:4      | Found a burning altar of Makhleb.
  2771 | D:4      | Found an ancient bone altar of Kikubaaqudgha.
  2771 | D:4      | Found a hide-covered altar of Uskayaw.
  2772 | D:4      | 2772 ||| PLANNING OKAWARU WORSHIP
  2772 | D:4      | Found a bloodstained altar of Trog.
  2772 | D:4      | Found a shadowy altar of Dithmenos.
  2773 | D:4      | Found a glowing silver altar of Zin.
  2774 | D:4      | Found a blossoming altar of Fedhas.
  2774 | D:4      | Found a snail-covered altar of Cheibriados.
  2775 | D:4      | Found a radiant altar of Vehumet.
  2777 | D:4      | Became a worshipper of Warmaster Okawaru
  2778 | D:4      | 2778 ||| PLANNING D:1-11
  2803 | D:4      | 2803 ||| Stepping ~*~*~tactically~*~*~ (hiding).
  2813 | D:4      | Reached XP level 6. HP: 19/37 MP: 6/6
  2992 | D:4      | 2992 ||| Stepping ~*~*~tactically~*~*~ (stealth).
  3007 | D:4      | 3007 ||| Stepping ~*~*~tactically~*~*~ (hiding).
  3019 | D:4      | HP: 8/37 [gnoll/+0 spear[a gnoll bouda] (6)]
  3020 | D:4      | 3020 ||| READING 4 scrolls of teleportation.
  3022 | D:4      | HP: 1/37 [gnoll bouda/+0 whip (3)]
  3076 | D:4      | 3076 ||| FLEEEEING.
  3081 | D:4      | 3081 ||| STAIRDANCE
  3158 | D:3      | 3158 ||| READING scroll labelled NEKEQA NUTUARGH.
  3159 | D:3      | 3159 ||| READING scroll labelled ULORASM PEUG.
  3185 | D:3      | 3185 ||| READING 2 scrolls of identify.
  3185 | D:3      | 3185 ||| IDENTIFYING sedimented brown potion
  3354 | D:5      | Entered Level 5 of the Dungeon
  3355 | D:5      | 3355 ||| PLANNING OSSUARY
  3363 | D:5      | 3363 ||| DRINKING potion of curing.
  3363 | D:5      | 3363 ||| (to cure confusion)
  3372 | D:5      | 3372 ||| DROPPING +0 mace.
  3432 | D:5      | Noticed a water moccasin
  3445 | D:5      | Killed a water moccasin
  3445 | D:5      | Reached * piety under Okawaru
  3446 | D:5      | Reached XP level 7. HP: 43/43 MP: 7/7
  3481 | D:5      | 3481 ||| Stepping ~*~*~tactically~*~*~ (stealth).
  3486 | D:5      | 3486 ||| Stepping ~*~*~tactically~*~*~ (stealth).
  3487 | D:5      | 3487 ||| Stepping ~*~*~tactically~*~*~ (stealth).
  3495 | D:5      | Found a hazy altar of Hepliaklqana.
  3496 | D:5      | 3496 ||| Stepping ~*~*~tactically~*~*~ (stealth).
  3508 | D:5      | 3508 ||| INVOKING Heroism.
  3517 | D:5      | Reached skill level 1 in Invocations
  3617 | D:5      | Found a shimmering altar of Xom.
  3690 | D:5      | Found Ladiol's Book Shoppe.
  3832 | D:5      | Noticed a wyvern
  3839 | D:5      | 3839 ||| INVOKING Heroism.
  3842 | D:5      | HP: 9/43 [wyvern (11)]
  3843 | D:5      | 3843 ||| READING 4 scrolls of teleportation.
  3845 | D:5      | Killed a wyvern
  3846 | D:5      | Reached skill level 3 in Invocations
  3846 | D:5      | Reached XP level 8. HP: 11/48 MP: 6/10
  4045 | D:5      | Found a sand-covered staircase.
  4046 | D:5      | 4046 ||| UPGRADING to +0 pair of boots.
  4051 | D:5      | 4051 ||| UPGRADING to ring of protection from cold.
  4052 | D:5      | 4052 ||| READING scroll labelled OFIXZE WAMONK.
  4053 | D:5      | 4053 ||| DRINKING 3 red potions.
  4054 | D:5      | 4054 ||| READING 2 scrolls of identify.
  4054 | D:5      | 4054 ||| IDENTIFYING fizzy grey potion
  4055 | D:5      | 4055 ||| DROPPING potion of ambrosia.
  4061 | Ossuary  | Entered an ossuary
  4073 | Ossuary  | Reached skill level 6 in Axes
  4078 | Ossuary  | Reached skill level 6 in Shields
  4244 | Ossuary  | 4244 ||| INVOKING Heroism.
  4371 | Ossuary  | 4371 ||| READING scroll labelled LOESA KIUM.
  4371 | Ossuary  | Identified a scroll of acquirement
  4371 | Ossuary  | 4371 ||| ACQUIRING +5 broad axe of flaming
  4371 | Ossuary  | Acquired a +5 broad axe of flaming
  4373 | Ossuary  | 4373 ||| SWAPPING to +5 broad axe of flaming.
  4374 | Ossuary  | 4374 ||| DROPPING +0 flail.
  4375 | Ossuary  | 4375 ||| DROPPING +1 war axe of freezing.
  4376 | Ossuary  | 4376 ||| DRINKING 2 bubbling brown potions.
  4390 | D:5      | 4390 ||| PLANNING D:1-11
  4437 | D:5      | 4437 ||| READING 2 scrolls of identify.
  4437 | D:5      | 4437 ||| IDENTIFYING bubbling pink potion
  4484 | D:6      | 4484 ||| Stepping ~*~*~tactically~*~*~ (stealth).
  4525 | D:6      | 4525 ||| INVOKING Heroism.
  4562 | D:6      | Noticed Duvessa
  4562 | D:6      | Noticed Eustachio
  4563 | D:6      | 4563 ||| Stepping ~*~*~tactically~*~*~ (stealth).
  4564 | D:6      | Noticed Dowan
  4565 | D:6      | 4565 ||| Stepping ~*~*~tactically~*~*~ (hiding).
  4566 | D:6      | 4566 ||| INVOKING Heroism.
  4568 | D:6      | 4568 ||| Stepping ~*~*~tactically~*~*~ (hiding).
  4578 | D:6      | Killed Duvessa
  4580 | D:6      | Killed Dowan
  4595 | D:6      | 4595 ||| Stepping ~*~*~tactically~*~*~ (hiding).
  4596 | D:6      | 4596 ||| INVOKING Heroism.
  4597 | D:6      | 4597 ||| Stepping ~*~*~tactically~*~*~ (hiding).
  4611 | D:6      | 4611 ||| FLEEEEING.
  4612 | D:6      | 4612 ||| FLEEEEING.
  4614 | D:6      | Killed Eustachio
  4619 | D:6      | Noticed Blork the orc
  4620 | D:6      | 4620 ||| FLEEEEING.
  4621 | D:6      | 4621 ||| FLEEEEING.
  4622 | D:6      | 4622 ||| FLEEEEING.
  4623 | D:6      | 4623 ||| FLEEEEING.
  4624 | D:6      | 4624 ||| FLEEEEING.
  4626 | D:6      | 4626 ||| STAIRDANCE
  4679 | D:5      | 4679 ||| Stepping ~*~*~tactically~*~*~ (stealth).
  4688 | D:5      | 4688 ||| INVOKING Heroism.
  4694 | D:5      | Reached skill level 1 in Dodging
  4764 | D:6      | 4764 ||| INVOKING Heroism.
  4768 | D:6      | Killed Blork the orc
  4769 | D:6      | Reached XP level 9. HP: 44/54 MP: 9/12
  4953 | D:6      | Found a white marble altar of Elyvilon.
  4960 | D:6      | 4960 ||| Stepping ~*~*~tactically~*~*~ (hiding).
  4964 | D:6      | 4964 ||| INVOKING Heroism.
  5120 | D:6      | 5120 ||| INVOKING Heroism.
  5153 | D:6      | Found a staircase to the Ecumenical Temple.
  5342 | D:6      | 5342 ||| READING scroll labelled QOGUUD NUGGO.
  5343 | D:6      | 5343 ||| READING scroll labelled QIWEVE VUISCH.
  5344 | D:6      | 5344 ||| DRINKING 2 coppery potions.
  5345 | D:6      | 5345 ||| DROPPING potion of degeneration.
  5352 | D:7      | Found Ahuuntol's Antique Armour Boutique.
  5358 | D:7      | 5358 ||| Stepping ~*~*~tactically~*~*~ (stealth).
  5363 | D:7      | 5363 ||| Stepping ~*~*~tactically~*~*~ (stealth).
  5364 | D:7      | 5364 ||| Stepping ~*~*~tactically~*~*~ (stealth).
  5389 | D:7      | 5389 ||| READING scroll of enchant weapon.
  5389 | D:7      | 5389 ||| ENCHANTING +5 broad axe of flaming.
  5416 | D:7      | Noticed a deep elf pyromancer
  5448 | D:7      | Reached skill level 1 in Throwing
  5548 | D:7      | 5548 ||| Stepping ~*~*~tactically~*~*~ (stealth).
  5556 | D:7      | 5556 ||| INVOKING Heroism.
  5559 | D:7      | Reached skill level 6 in Fighting
  5593 | D:7      | 5593 ||| FLEEEEING.
  5594 | D:7      | 5594 ||| FLEEEEING.
  5598 | D:7      | 5598 ||| FLEEEEING.
  5599 | D:7      | 5599 ||| FLEEEEING.
  5600 | D:7      | 5600 ||| FLEEEEING.
  5601 | D:7      | 5601 ||| FLEEEEING.
  5607 | D:7      | 5607 ||| FLEEEEING.
  5608 | D:7      | 5608 ||| FLEEEEING.
  5609 | D:7      | 5609 ||| FLEEEEING.
  5610 | D:7      | 5610 ||| FLEEEEING.
  5611 | D:7      | 5611 ||| FLEEEEING.
  5652 | D:7      | 5652 ||| READING scroll of enchant weapon.
  5652 | D:7      | 5652 ||| ENCHANTING +6 broad axe of flaming.
  5676 | D:7      | 5676 ||| BUYING cloak (99 gold).
  5676 | D:7      | Bought a cloak for 99 gold pieces
  5676 | D:7      | 5676 ||| BUYING glowing scarf (176 gold).
  5676 | D:7      | Bought a glowing scarf for 176 gold pieces
  5697 | D:7      | Noticed qw's ghost (novice DEHu)
  5711 | D:7      | Found a transporter.
  5714 | D:7      | Found a transporter.
  5795 | D:7      | 5795 ||| Stepping ~*~*~tactically~*~*~ (stealth).
  5797 | D:7      | 5797 ||| Stepping ~*~*~tactically~*~*~ (hiding).
  5823 | D:7      | 5823 ||| Stepping ~*~*~tactically~*~*~ (hiding).
  5827 | D:7      | Reached ** piety under Okawaru
  5911 | D:7      | Found a shimmering blue altar of Sif Muna.
  5980 | D:7      | 5980 ||| UPGRADING to +0 cloak.
  5985 | D:7      | 5985 ||| DROPPING scarf of invisibility.
  5986 | D:7      | 5986 ||| READING 5 scrolls of identify.
  5986 | D:7      | 5986 ||| IDENTIFYING lumpy amethyst potion
  6022 | D:8      | Reached XP level 10. HP: 60/60 MP: 13/13
  6043 | D:8      | Reached skill level 9 in Axes
  6104 | D:8      | Noticed an elephant
  6113 | D:8      | 6113 ||| INVOKING Heroism.
  6117 | D:8      | Killed an elephant
  6118 | D:8      | Reached skill level 6 in Armour
  6197 | D:8      | 6197 ||| Stepping ~*~*~tactically~*~*~ (stealth).
  6267 | D:8      | Found a staircase to the Lair.
  6284 | D:8      | Reached *** piety under Okawaru
  6322 | D:8      | 6322 ||| READING scroll of enchant weapon.
  6322 | D:8      | 6322 ||| ENCHANTING +7 broad axe of flaming.
  6345 | D:8      | 6345 ||| Stepping ~*~*~tactically~*~*~ (hiding).
  6350 | D:8      | 6350 ||| INVOKING Heroism.
  6428 | D:8      | Noticed a boulder beetle
  6429 | D:8      | 6429 ||| INVOKING Heroism.
  6446 | D:8      | 6446 ||| Stepping ~*~*~tactically~*~*~ (hiding).
  6456 | D:8      | 6456 ||| INVOKING Heroism.
  6468 | D:8      | Reached skill level 9 in Shields
  6472 | D:8      | Noticed a manticore
  6474 | D:8      | Noticed a centaur warrior
  6479 | D:8      | Identified the amulet "Oqiabla" {rF+ rC+ Regen+ Stlth+}
  6479 | D:8      | Noticed a centaur warrior
  6480 | D:8      | HP: 9/63 [manticore (7)]
  6481 | D:8      | 6481 ||| READING 6 scrolls of teleportation.
  6482 | D:8      | 6482 ||| DRINKING 2 potions of heal wounds.
  6483 | D:8      | 6483 ||| INVOKING Heroism.
  6491 | D:8      | 6491 ||| FLEEEEING.
  6492 | D:8      | 6492 ||| FLEEEEING.
  6493 | D:8      | 6493 ||| FLEEEEING.
  6494 | D:8      | 6494 ||| FLEEEEING.
  6495 | D:8      | 6495 ||| FLEEEEING.
  6496 | D:8      | 6496 ||| FLEEEEING.
  6497 | D:8      | 6497 ||| FLEEEEING.
  6498 | D:8      | 6498 ||| FLEEEEING.
  6499 | D:8      | 6499 ||| FLEEEEING.
  6502 | D:8      | 6502 ||| FLEEEEING.
  6503 | D:8      | 6503 ||| FLEEEEING.
  6507 | D:8      | 6507 ||| STAIRDANCE
  6609 | D:7      | 6609 ||| READING scroll labelled WIHOYT ONAIH.
  6612 | D:8      | 6612 ||| Stepping ~*~*~tactically~*~*~ (hiding).
  6613 | D:8      | 6613 ||| Stepping ~*~*~tactically~*~*~ (hiding).
  6614 | D:8      | 6614 ||| Stepping ~*~*~tactically~*~*~ (hiding).
  6615 | D:8      | 6615 ||| Stepping ~*~*~tactically~*~*~ (hiding).
  6616 | D:8      | 6616 ||| Stepping ~*~*~tactically~*~*~ (hiding).
  6617 | D:8      | 6617 ||| Stepping ~*~*~tactically~*~*~ (hiding).
  6857 | D:8      | 6857 ||| Stepping ~*~*~tactically~*~*~ (stealth).
  6888 | D:8      | 6888 ||| Stepping ~*~*~tactically~*~*~ (stealth).
  6889 | D:8      | 6889 ||| Stepping ~*~*~tactically~*~*~ (stealth).
  6946 | D:8      | 6946 ||| Stepping ~*~*~tactically~*~*~ (hiding).
  6949 | D:8      | 6949 ||| INVOKING Heroism.
  6954 | D:8      | Killed a manticore
  6993 | D:8      | 6993 ||| FLEEEEING.
  7001 | D:8      | 7001 ||| STAIRDANCE
  7067 | D:8      | 7067 ||| Stepping ~*~*~tactically~*~*~ (stealth).
  7069 | D:8      | 7069 ||| Stepping ~*~*~tactically~*~*~ (hiding).
  7070 | D:8      | 7070 ||| Stepping ~*~*~tactically~*~*~ (hiding).
  7071 | D:8      | 7071 ||| Stepping ~*~*~tactically~*~*~ (hiding).
  7077 | D:8      | 7077 ||| INVOKING Heroism.
  7078 | D:8      | Killed a centaur warrior
  7207 | D:8      | Noticed a two-headed ogre
  7208 | D:8      | 7208 ||| INVOKING Heroism.
  7211 | D:8      | Killed a two-headed ogre
  7212 | D:8      | Reached XP level 11. HP: 67/67 MP: 11/14
  7285 | D:8      | Reached **** piety under Okawaru
  7303 | D:8      | Noticed a centaur warrior
  7314 | D:8      | 7314 ||| INVOKING Heroism.
  7316 | D:8      | Killed a centaur warrior
  7508 | D:8      | 7508 ||| Stepping ~*~*~tactically~*~*~ (hiding).
  7567 | D:8      | a slime creature changed into an alligator
  7567 | D:8      | Noticed an alligator (shapeshifter)
  7576 | D:8      | 7576 ||| INVOKING Heroism.
  7577 | D:8      | Killed an alligator
  7594 | D:8      | 7594 ||| Stepping ~*~*~tactically~*~*~ (stealth).
  7596 | D:8      | 7596 ||| Stepping ~*~*~tactically~*~*~ (stealth).
  7599 | D:8      | 7599 ||| INVOKING Heroism.
  7607 | D:8      | Killed a centaur warrior
  7660 | D:8      | 7660 ||| FLEEEEING.
  7661 | D:8      | 7661 ||| FLEEEEING.
  7662 | D:8      | 7662 ||| FLEEEEING.
  7666 | D:8      | 7666 ||| FLEEEEING.
  7667 | D:8      | 7667 ||| FLEEEEING.
  7668 | D:8      | 7668 ||| FLEEEEING.
  7669 | D:8      | 7669 ||| FLEEEEING.
  7670 | D:8      | 7670 ||| FLEEEEING.
  7671 | D:8      | 7671 ||| FLEEEEING.
  7672 | D:8      | 7672 ||| STAIRDANCE
  7700 | D:7      | 7700 ||| UPGRADING to +1 hat.
  7705 | D:7      | 7705 ||| DROPPING +1 hat.
  7706 | D:7      | 7706 ||| UPGRADING to amulet "Oqiabla" {rF+ rC+ Regen+
                  | Stlth+}.
  7742 | D:8      | Noticed a boulder beetle
  7743 | D:8      | 7743 ||| INVOKING Heroism.
  7743 | D:8      | Noticed a sea snake
  7744 | D:8      | 7744 ||| Stepping ~*~*~tactically~*~*~ (stealth).
  7752 | D:8      | Killed a boulder beetle
  7777 | D:8      | Killed a sea snake
  7778 | D:8      | Reached skill level 6 in Invocations
  7819 | D:8      | Noticed a tengu warrior
  7820 | D:8      | 7820 ||| Stepping ~*~*~tactically~*~*~ (hiding).
  7825 | D:8      | Noticed a deep elf pyromancer
  7832 | D:8      | Killed a tengu warrior
  7832 | D:8      | Received a gift from Okawaru
  7836 | D:8      | Killed a deep elf pyromancer
  7857 | D:8      | Noticed a five-headed hydra
  7858 | D:8      | 7858 ||| Stepping ~*~*~tactically~*~*~ (stealth).
  7860 | D:8      | 7860 ||| Stepping ~*~*~tactically~*~*~ (stealth).
  7861 | D:8      | 7861 ||| Stepping ~*~*~tactically~*~*~ (stealth).
  7862 | D:8      | 7862 ||| Stepping ~*~*~tactically~*~*~ (stealth).
  7862 | D:8      | Noticed a cyclops
  7863 | D:8      | 7863 ||| Stepping ~*~*~tactically~*~*~ (stealth).
  7864 | D:8      | 7864 ||| Stepping ~*~*~tactically~*~*~ (stealth).
  7865 | D:8      | 7865 ||| Stepping ~*~*~tactically~*~*~ (hiding).
  7866 | D:8      | 7866 ||| INVOKING Heroism.
  7871 | D:8      | Killed a two-headed hydra
  7875 | D:8      | Killed a cyclops
  8045 | D:8      | 8045 ||| PLANNING LAIR
  8045 | D:8      | 8045 ||| READING scroll labelled OSKEXYGUNIA.
  8065 | D:8      | 8065 ||| Stepping ~*~*~tactically~*~*~ (stealth).
  8070 | D:8      | 8070 ||| Stepping ~*~*~tactically~*~*~ (hiding).
  8100 | Lair:1   | Entered Level 1 of the Lair of Beasts
  8105 | Lair:1   | Reached ***** piety under Okawaru
  8162 | Lair:1   | 8162 ||| INVOKING Heroism.
  8203 | Lair:1   | Found a frozen archway.
  8252 | Lair:1   | 8252 ||| Stepping ~*~*~tactically~*~*~ (stealth).
  8254 | Lair:1   | 8254 ||| Stepping ~*~*~tactically~*~*~ (hiding).
  8256 | Lair:1   | 8256 ||| Stepping ~*~*~tactically~*~*~ (hiding).
  8262 | Lair:1   | Reached XP level 12. HP: 58/73 MP: 17/17
  8849 | Lair:2   | Received a gift from Okawaru
  8923 | Lair:2   | 8923 ||| INVOKING Heroism.
  8952 | Lair:2   | 8952 ||| Stepping ~*~*~tactically~*~*~ (stealth).
  8960 | Lair:2   | Reached skill level 9 in Invocations
  9008 | Lair:2   | Reached skill level 9 in Fighting
  9075 | Lair:2   | 9075 ||| INVOKING Heroism.
  9080 | Lair:2   | Identified the +4 ring mail of Impermeability {-Tele rCorr
                  | Dex+2} (Okawaru gifted it to you on level 2 of the Lair of
                  | Beasts)
  9080 | Lair:2   | Received a gift from Okawaru
  9201 | Lair:2   | 9201 ||| INVOKING Heroism.
  9232 | Lair:2   | 9232 ||| INVOKING Heroism.
  9378 | Lair:2   | 9378 ||| INVOKING Heroism.
  9439 | Lair:2   | Noticed a boulder beetle
  9440 | Lair:2   | 9440 ||| INVOKING Heroism.
  9441 | Lair:2   | 9441 ||| INVOKING Finesse.
  9458 | Lair:2   | Killed a boulder beetle
  9797 | Lair:3   | 9797 ||| INVOKING Heroism.
  9812 | Lair:3   | Noticed Prince Ribbit
  9817 | Lair:3   | Noticed Urug
  9821 | Lair:3   | Killed Prince Ribbit
  9822 | Lair:3   | Reached skill level 12 in Axes
  9836 | Lair:3   | Killed Urug
  9864 | Lair:3   | 9864 ||| INVOKING Heroism.
  9865 | Lair:3   | 9865 ||| Stepping ~*~*~tactically~*~*~ (stealth).
  9869 | Lair:3   | 9869 ||| Stepping ~*~*~tactically~*~*~ (stealth).
  9870 | Lair:3   | 9870 ||| Stepping ~*~*~tactically~*~*~ (stealth).
  9886 | Lair:3   | Reached skill level 9 in Armour
  9898 | Lair:3   | 9898 ||| Stepping ~*~*~tactically~*~*~ (stealth).
  9921 | Lair:3   | 9921 ||| Stepping ~*~*~tactically~*~*~ (stealth).
  9928 | Lair:3   | Noticed Amaemon
  9928 | Lair:3   | Noticed an eight-headed hydra
  9929 | Lair:3   | 9929 ||| Stepping ~*~*~tactically~*~*~ (stealth).
  9931 | Lair:3   | 9931 ||| Stepping ~*~*~tactically~*~*~ (stealth).
  9932 | Lair:3   | 9932 ||| Stepping ~*~*~tactically~*~*~ (stealth).
  9934 | Lair:3   | 9934 ||| INVOKING Heroism.
  9939 | Lair:3   | Killed a five-headed hydra
  9964 | Lair:3   | 9964 ||| Stepping ~*~*~tactically~*~*~ (hiding).
  9965 | Lair:3   | 9965 ||| Stepping ~*~*~tactically~*~*~ (hiding).
  9974 | Lair:3   | Reached skill level 3 in Throwing
 10008 | Lair:3   | 10008 ||| Stepping ~*~*~tactically~*~*~ (stealth).
 10014 | Lair:3   | 10014 ||| INVOKING Heroism.
 10016 | Lair:3   | Reached XP level 13. HP: 80/80 MP: 17/20
 10037 | Lair:3   | 10037 ||| Stepping ~*~*~tactically~*~*~ (stealth).
 10043 | Lair:3   | 10043 ||| Stepping ~*~*~tactically~*~*~ (stealth).
 10085 | Lair:3   | Found a hole to the Spider Nest.
 10093 | Lair:3   | 10093 ||| READING 9 scrolls of identify.
 10093 | Lair:3   | 10093 ||| IDENTIFYING viscous puce potion
 10094 | Lair:3   | 10094 ||| READING 8 scrolls of identify.
 10094 | Lair:3   | 10094 ||| IDENTIFYING smoky pink potion
 10177 | Lair:3   | 10177 ||| INVOKING Heroism.
 10322 | Lair:3   | 10322 ||| INVOKING Heroism.
 10505 | Lair:3   | Found a staircase to the Shoals.
 10608 | Lair:3   | 10608 ||| INVOKING Heroism.
 10666 | Lair:3   | 10666 ||| Stepping ~*~*~tactically~*~*~ (hiding).
 10667 | Lair:3   | 10667 ||| INVOKING Heroism.
 10676 | Lair:3   | Killed Amaemon
 10699 | Lair:3   | 10699 ||| INVOKING Heroism.
 10798 | Lair:3   | 10798 ||| Stepping ~*~*~tactically~*~*~ (stealth).
 10816 | Lair:3   | Noticed Snorg
 10817 | Lair:3   | 10817 ||| INVOKING Heroism.
 10830 | Lair:3   | Killed Snorg
 11069 | Lair:4   | 11069 ||| READING scroll of enchant weapon.
 11069 | Lair:4   | 11069 ||| ENCHANTING +8 broad axe of flaming.
 11088 | Lair:4   | 11088 ||| READING scroll of brand weapon.
 11088 | Lair:4   | 11088 ||| BRANDING +9 broad axe of flaming.
 11106 | Lair:4   | 11106 ||| Stepping ~*~*~tactically~*~*~ (stealth).
 11108 | Lair:4   | 11108 ||| Stepping ~*~*~tactically~*~*~ (stealth).
 11110 | Lair:4   | 11110 ||| Stepping ~*~*~tactically~*~*~ (stealth).
 11253 | Lair:4   | 11253 ||| Stepping ~*~*~tactically~*~*~ (stealth).
 11255 | Lair:4   | 11255 ||| INVOKING Heroism.
 11288 | Lair:4   | Found a transporter.
 11344 | Lair:4   | 11344 ||| INVOKING Heroism.
 11358 | Lair:4   | Noticed qw's ghost (journeyman GrFi)
 11515 | Lair:4   | 11515 ||| Stepping ~*~*~tactically~*~*~ (stealth).
 11714 | Lair:4   | Found a transporter.
 11783 | Lair:4   | 11783 ||| Stepping ~*~*~tactically~*~*~ (stealth).
 11785 | Lair:4   | 11785 ||| Stepping ~*~*~tactically~*~*~ (stealth).
 11787 | Lair:4   | 11787 ||| Stepping ~*~*~tactically~*~*~ (stealth).
 11789 | Lair:4   | 11789 ||| Stepping ~*~*~tactically~*~*~ (stealth).
 11791 | Lair:4   | 11791 ||| INVOKING Heroism.
 11982 | Lair:4   | 11982 ||| READING 2 scrolls labelled EGUPRO MOQYSHI.
 11983 | Lair:4   | 11983 ||| DROPPING scroll of fear.
 12009 | Lair:5   | Entered Level 5 of the Lair of Beasts
 12010 | Lair:5   | 12010 ||| INVOKING Heroism.
 12026 | Lair:5   | Gained mutation: Your large and strong wings let you fly.
                  | [Gargoyle growth]
 12026 | Lair:5   | Reached XP level 14. HP: 85/88 MP: 21/21
 12031 | Lair:5   | Received a gift from Okawaru
 12065 | Lair:5   | 12065 ||| INVOKING Heroism.
 12073 | Lair:5   | Received a gift from Okawaru
 12093 | Lair:5   | 12093 ||| Stepping ~*~*~tactically~*~*~ (stealth).
 12095 | Lair:5   | 12095 ||| Stepping ~*~*~tactically~*~*~ (stealth).
 12113 | Lair:5   | Reached skill level 12 in Shields
 12113 | Lair:5   | 12113 ||| INVOKING Heroism.
 12180 | Lair:5   | 12180 ||| INVOKING Heroism.
 12325 | Lair:5   | 12325 ||| Stepping ~*~*~tactically~*~*~ (stealth).
 12437 | Lair:5   | 12437 ||| Stepping ~*~*~tactically~*~*~ (stealth).
 12442 | Lair:5   | 12442 ||| INVOKING Heroism.
 12443 | Lair:5   | 12443 ||| INVOKING Finesse.
 12449 | Lair:5   | Received a gift from Okawaru
 12473 | Lair:5   | Received a gift from Okawaru
 12537 | Lair:5   | 12537 ||| Stepping ~*~*~tactically~*~*~ (stealth).
 12557 | Lair:5   | 12557 ||| INVOKING Heroism.
 12558 | Lair:5   | 12558 ||| Stepping ~*~*~tactically~*~*~ (hiding).
 12597 | Lair:5   | 12597 ||| INVOKING Heroism.
 12606 | Lair:5   | Reached skill level 15 in Axes
 12613 | Lair:5   | 12613 ||| Stepping ~*~*~tactically~*~*~ (stealth).
 12626 | Lair:5   | 12626 ||| Stepping ~*~*~tactically~*~*~ (stealth).
 12629 | Lair:5   | 12629 ||| Stepping ~*~*~tactically~*~*~ (stealth).
 12638 | Lair:5   | 12638 ||| Stepping ~*~*~tactically~*~*~ (stealth).
 12643 | Lair:5   | 12643 ||| INVOKING Heroism.
 12644 | Lair:5   | 12644 ||| INVOKING Finesse.
 12710 | Lair:5   | 12710 ||| INVOKING Heroism.
 12883 | Lair:5   | 12883 ||| Stepping ~*~*~tactically~*~*~ (stealth).
 12933 | Lair:5   | 12933 ||| Stepping ~*~*~tactically~*~*~ (stealth).
 12974 | Lair:5   | 12974 ||| Stepping ~*~*~tactically~*~*~ (stealth).
 13011 | Lair:5   | Found a staircase to the Slime Pits.
 13026 | Lair:5   | Found a viscous altar of Jiyva.
 13127 | Lair:5   | 13127 ||| Stepping ~*~*~tactically~*~*~ (stealth).
 13129 | Lair:5   | 13129 ||| Stepping ~*~*~tactically~*~*~ (stealth).
 13140 | Lair:5   | Reached XP level 15. HP: 84/95 MP: 22/22
 13140 | Lair:5   | 13140 ||| FLEEEEING.
 13185 | Lair:5   | 13185 ||| FLEEEEING.
 13187 | Lair:5   | 13187 ||| INVOKING Heroism.
 13188 | Lair:5   | 13188 ||| INVOKING Finesse.
 13248 | Lair:5   | Reached skill level 6 in Throwing
 13280 | Lair:5   | 13280 ||| FLEEEEING.
 13283 | Lair:5   | Received a gift from Okawaru
 13504 | Lair:5   | 13504 ||| PLANNING D:1-11
 13504 | Lair:5   | 13504 ||| UPGRADING to +0 helmet.
 13514 | Lair:5   | 13514 ||| DROPPING +1 hat.
 13515 | Lair:5   | 13515 ||| DROPPING +6 ring of intelligence.
 13516 | Lair:5   | 13516 ||| READING 9 scrolls of identify.
 13516 | Lair:5   | 13516 ||| IDENTIFYING cyan potion
 13517 | Lair:5   | 13517 ||| DROPPING potion of brilliance.
 13610 | D:9      | Noticed Erolcha
 13626 | D:9      | Killed Erolcha
 13629 | D:9      | 13629 ||| FLEEEEING.
 13630 | D:9      | 13630 ||| FLEEEEING.
 13631 | D:9      | 13631 ||| FLEEEEING.
 13634 | D:9      | 13634 ||| STAIRDANCE
 13665 | D:8      | 13665 ||| DROPPING +2 heavy flail.
 13714 | D:9      | 13714 ||| Stepping ~*~*~tactically~*~*~ (stealth).
 13715 | D:9      | 13715 ||| Stepping ~*~*~tactically~*~*~ (stealth).
 13775 | D:9      | 13775 ||| Stepping ~*~*~tactically~*~*~ (hiding).
 13777 | D:9      | 13777 ||| Stepping ~*~*~tactically~*~*~ (hiding).
 13778 | D:9      | 13778 ||| Stepping ~*~*~tactically~*~*~ (hiding).
 13795 | D:9      | Reached skill level 12 in Fighting
 13808 | D:9      | 13808 ||| READING scroll of enchant armour.
 13808 | D:9      | 13808 ||| ENCHANTING +1 pair of gloves.
 13871 | D:9      | 13871 ||| DRINKING 9 potions of curing.
 13871 | D:9      | 13871 ||| (to cure confusion)
 13882 | D:9      | 13882 ||| Stepping ~*~*~tactically~*~*~ (stealth).
 13884 | D:9      | 13884 ||| Stepping ~*~*~tactically~*~*~ (hiding).
 13885 | D:9      | 13885 ||| Stepping ~*~*~tactically~*~*~ (hiding).
 13996 | D:9      | 13996 ||| Stepping ~*~*~tactically~*~*~ (stealth).
 13998 | D:9      | 13998 ||| Stepping ~*~*~tactically~*~*~ (stealth).
 14000 | D:9      | 14000 ||| Stepping ~*~*~tactically~*~*~ (stealth).
 14006 | D:9      | 14006 ||| Stepping ~*~*~tactically~*~*~ (stealth).
 14247 | D:9      | 14247 ||| DROPPING amulet of the acrobat.
 14248 | D:9      | 14248 ||| UPGRADING to +6 ring of strength.
 14257 | D:10     | Entered Level 10 of the Dungeon
 14445 | D:10     | 14445 ||| Stepping ~*~*~tactically~*~*~ (hiding).
 14447 | D:10     | 14447 ||| Stepping ~*~*~tactically~*~*~ (hiding).
 14493 | D:10     | 14493 ||| Stepping ~*~*~tactically~*~*~ (stealth).
 14495 | D:10     | 14495 ||| Stepping ~*~*~tactically~*~*~ (stealth).
 14496 | D:10     | 14496 ||| Stepping ~*~*~tactically~*~*~ (stealth).
 14497 | D:10     | 14497 ||| Stepping ~*~*~tactically~*~*~ (stealth).
 14693 | D:10     | Found a sparkling altar of Nemelex Xobeh.
 14796 | D:10     | Reached skill level 3 in Dodging
 14831 | D:10     | 14831 ||| Stepping ~*~*~tactically~*~*~ (stealth).
 14833 | D:10     | 14833 ||| Stepping ~*~*~tactically~*~*~ (stealth).
 14835 | D:10     | 14835 ||| Stepping ~*~*~tactically~*~*~ (hiding).
 15140 | D:10     | 15140 ||| UPGRADING to +6 ring of dexterity.
 15359 | D:11     | 15359 ||| INVOKING Heroism.
 15548 | D:11     | 15548 ||| Stepping ~*~*~tactically~*~*~ (hiding).
 15566 | D:11     | 15566 ||| Stepping ~*~*~tactically~*~*~ (stealth).
 15588 | D:11     | Found a staircase to the Orcish Mines.
 15607 | D:11     | 15607 ||| Stepping ~*~*~tactically~*~*~ (stealth).
 15949 | D:11     | 15949 ||| PLANNING D
 15949 | D:11     | 15949 ||| READING 10 scrolls of identify.
 15949 | D:11     | 15949 ||| IDENTIFYING metallic grey potion
 15950 | D:11     | 15950 ||| DROPPING potion of berserk rage.
 16022 | D:12     | 16022 ||| Stepping ~*~*~tactically~*~*~ (stealth).
 16024 | D:12     | 16024 ||| Stepping ~*~*~tactically~*~*~ (hiding).
 16092 | D:12     | Received a gift from Okawaru
 16300 | D:12     | 16300 ||| Stepping ~*~*~tactically~*~*~ (hiding).
 16838 | D:13     | 16838 ||| Stepping ~*~*~tactically~*~*~ (stealth).
 16839 | D:13     | 16839 ||| Stepping ~*~*~tactically~*~*~ (stealth).
 16917 | D:13     | 16917 ||| INVOKING Heroism.
 16918 | D:13     | 16918 ||| SWAPPING to +4 morningstar.
 16919 | D:13     | 16919 ||| INVOKING Finesse.
 16925 | D:13     | 16925 ||| SWAPPING to +9 broad axe of protection.
 17391 | D:13     | HP: 11/96 [something (19)]
 17410 | D:13     | 17410 ||| DROPPING amulet of magic regeneration.
 17752 | D:14     | 17752 ||| STAIRDANCE
 17795 | D:14     | 17795 ||| Stepping ~*~*~tactically~*~*~ (stealth).
 17816 | D:14     | 17816 ||| INVOKING Heroism.
 17888 | D:14     | 17888 ||| Stepping ~*~*~tactically~*~*~ (hiding).
 17940 | D:14     | You are sucked into a shaft and drop 1 floor!
 17940 | D:15     | Entered Level 15 of the Dungeon
 17997 | D:14     | 17997 ||| Stepping ~*~*~tactically~*~*~ (hiding).
 18003 | D:14     | Received a gift from Okawaru
 18054 | D:14     | 18054 ||| Stepping ~*~*~tactically~*~*~ (stealth).
 18078 | D:14     | Received a gift from Okawaru
 18159 | D:14     | 18159 ||| Stepping ~*~*~tactically~*~*~ (stealth).
 18161 | D:14     | 18161 ||| Stepping ~*~*~tactically~*~*~ (stealth).
 18163 | D:14     | 18163 ||| INVOKING Heroism.
 18165 | D:14     | 18165 ||| SWAPPING to +4 morningstar.
 18169 | D:14     | 18169 ||| SWAPPING to +9 broad axe of protection.
 18189 | D:14     | 18189 ||| Stepping ~*~*~tactically~*~*~ (stealth).
 18194 | D:14     | 18194 ||| Stepping ~*~*~tactically~*~*~ (stealth).
 18211 | D:14     | 18211 ||| INVOKING Heroism.
 18226 | D:14     | Reached skill level 12 in Armour
 18625 | D:15     | 18625 ||| INVOKING Heroism.
 18630 | D:15     | 18630 ||| SWAPPING to +4 morningstar.
 18632 | D:15     | 18632 ||| SWAPPING to +9 broad axe of protection.
 18720 | D:15     | Found a shimmering altar of Xom.
 18780 | D:15     | Noticed Rupert
 18781 | D:15     | 18781 ||| DRINKING 9 potions of curing.
 18781 | D:15     | 18781 ||| (to cure confusion)
 18782 | D:15     | 18782 ||| DRINKING 8 potions of curing.
 18782 | D:15     | 18782 ||| (to cure confusion)
 18784 | D:15     | 18784 ||| INVOKING Heroism.
 18785 | D:15     | Paralysed by Rupert for 3 turns
 18799 | D:15     | Killed Rupert
 18829 | D:15     | 18829 ||| Stepping ~*~*~tactically~*~*~ (hiding).
 18830 | D:15     | 18830 ||| Stepping ~*~*~tactically~*~*~ (hiding).
 18854 | D:15     | Received a gift from Okawaru
 18885 | D:15     | 18885 ||| Stepping ~*~*~tactically~*~*~ (hiding).
 18902 | D:15     | Reached XP level 16. HP: 100/101 MP: 23/23
 18904 | D:15     | Found a staircase to the Depths.
 19464 | D:15     | 19464 ||| PLANNING ORC
 19617 | Orc:1    | Entered Level 1 of the Orcish Mines
 19618 | Orc:1    | 19618 ||| INVOKING Heroism.
 19649 | Orc:1    | Received a gift from Okawaru
 19653 | Orc:1    | 19653 ||| Stepping ~*~*~tactically~*~*~ (stealth).
 19655 | Orc:1    | 19655 ||| Stepping ~*~*~tactically~*~*~ (stealth).
 19657 | Orc:1    | 19657 ||| Stepping ~*~*~tactically~*~*~ (hiding).
 19666 | Orc:1    | 19666 ||| Stepping ~*~*~tactically~*~*~ (hiding).
 19678 | Orc:1    | 19678 ||| INVOKING Heroism.
 19737 | Orc:1    | 19737 ||| Stepping ~*~*~tactically~*~*~ (hiding).
 19915 | Orc:2    | Entered Level 2 of the Orcish Mines
 19926 | Orc:2    | 19926 ||| Stepping ~*~*~tactically~*~*~ (hiding).
 19930 | Orc:2    | 19930 ||| Stepping ~*~*~tactically~*~*~ (hiding).
 19940 | Orc:2    | 19940 ||| Stepping ~*~*~tactically~*~*~ (hiding).
 20062 | Orc:1    | 20062 ||| Stepping ~*~*~tactically~*~*~ (stealth).
 20064 | Orc:1    | 20064 ||| Stepping ~*~*~tactically~*~*~ (hiding).
 20267 | Orc:1    | 20267 ||| Stepping ~*~*~tactically~*~*~ (stealth).
 20268 | Orc:1    | 20268 ||| Stepping ~*~*~tactically~*~*~ (stealth).
 20271 | Orc:1    | 20271 ||| Stepping ~*~*~tactically~*~*~ (stealth).
 20316 | Orc:1    | 20316 ||| Stepping ~*~*~tactically~*~*~ (stealth).
 20370 | Orc:1    | Received a gift from Okawaru
 20533 | Orc:2    | Found a staircase to the Elven Halls.
 20563 | Orc:2    | 20563 ||| INVOKING Heroism.
 20564 | Orc:2    | 20564 ||| Stepping ~*~*~tactically~*~*~ (stealth).
 20601 | Orc:2    | 20601 ||| Stepping ~*~*~tactically~*~*~ (hiding).
 20602 | Orc:2    | 20602 ||| Stepping ~*~*~tactically~*~*~ (hiding).
 20604 | Orc:2    | 20604 ||| Stepping ~*~*~tactically~*~*~ (hiding).
 20605 | Orc:2    | 20605 ||| Stepping ~*~*~tactically~*~*~ (hiding).
 20743 | Orc:2    | 20743 ||| INVOKING Heroism.
 20759 | Orc:2    | 20759 ||| Stepping ~*~*~tactically~*~*~ (hiding).
 20765 | Orc:2    | Identified the +0 animal skin of Instinct {rCorr Stlth+}
                  | (Okawaru gifted it to you on level 2 of the Orcish Mines)
 20765 | Orc:2    | Received a gift from Okawaru
 20784 | Orc:2    | 20784 ||| Stepping ~*~*~tactically~*~*~ (stealth).
 20830 | Orc:2    | 20830 ||| Stepping ~*~*~tactically~*~*~ (stealth).
 20835 | Orc:2    | 20835 ||| Stepping ~*~*~tactically~*~*~ (hiding).
 20871 | Orc:2    | 20871 ||| INVOKING Heroism.
 20896 | Orc:2    | 20896 ||| Stepping ~*~*~tactically~*~*~ (hiding).
 20897 | Orc:2    | 20897 ||| Stepping ~*~*~tactically~*~*~ (hiding).
 20898 | Orc:2    | 20898 ||| Stepping ~*~*~tactically~*~*~ (hiding).
 20899 | Orc:2    | 20899 ||| Stepping ~*~*~tactically~*~*~ (hiding).
 20905 | Orc:2    | 20905 ||| Stepping ~*~*~tactically~*~*~ (hiding).
 20906 | Orc:2    | 20906 ||| Stepping ~*~*~tactically~*~*~ (hiding).
 20908 | Orc:2    | 20908 ||| Stepping ~*~*~tactically~*~*~ (hiding).
 20926 | Orc:2    | 20926 ||| Stepping ~*~*~tactically~*~*~ (stealth).
 20927 | Orc:2    | 20927 ||| Stepping ~*~*~tactically~*~*~ (stealth).
 20928 | Orc:2    | 20928 ||| Stepping ~*~*~tactically~*~*~ (stealth).
 20931 | Orc:2    | 20931 ||| Stepping ~*~*~tactically~*~*~ (hiding).
 20932 | Orc:2    | 20932 ||| Stepping ~*~*~tactically~*~*~ (hiding).
 21120 | Orc:2    | Found Foaregui's Weapon Shoppe.
 21120 | Orc:2    | Found Gaocaufi's Assorted Antiques.
 21128 | Orc:2    | Found Uckig's Antique Weapon Emporium.
 21130 | Orc:2    | Found Otuq's Weapon Shoppe.
 21133 | Orc:2    | 21133 ||| BUYING +8 whip of Nemelex Xobeh's Favour {speed,
                  | rCorr Dex+3} (1128 gold).
 21133 | Orc:2    | Bought the +8 whip of Nemelex Xobeh's Favour {speed, rCorr
                  | Dex+3} for 1128 gold pieces
 21136 | Orc:2    | 21136 ||| BUYING potion of curing (84 gold).
 21136 | Orc:2    | Bought a potion of curing for 84 gold pieces
 21136 | Orc:2    | 21136 ||| BUYING potion of lignification (84 gold).
 21136 | Orc:2    | Bought a potion of lignification for 84 gold pieces
 21136 | Orc:2    | 21136 ||| BUYING potion of might (112 gold).
 21136 | Orc:2    | Bought a potion of might for 112 gold pieces
 21136 | Orc:2    | 21136 ||| BUYING scroll of teleportation (84 gold).
 21136 | Orc:2    | Bought a scroll of teleportation for 84 gold pieces
 21285 | Orc:2    | 21285 ||| PLANNING SPIDER:1-3
 21467 | Spider:1 | Entered Level 1 of the Spider Nest
 21684 | Spider:1 | 21684 ||| INVOKING Finesse.
 21685 | Spider:1 | 21685 ||| Stepping ~*~*~tactically~*~*~ (stealth).
 21730 | Spider:1 | 21730 ||| Stepping ~*~*~tactically~*~*~ (stealth).
 22028 | Spider:1 | 22028 ||| Stepping ~*~*~tactically~*~*~ (hiding).
 22139 | Spider:1 | 22139 ||| UPGRADING to ring of see invisible.
 22157 | Spider:2 | 22157 ||| INVOKING Heroism.
 22277 | Spider:2 | 22277 ||| DRINKING 8 potions of curing.
 22277 | Spider:2 | 22277 ||| (to cure confusion)
 22357 | Spider:2 | 22357 ||| INVOKING Heroism.
 22631 | Spider:2 | Noticed Louise
 22632 | Spider:2 | 22632 ||| Stepping ~*~*~tactically~*~*~ (hiding).
 22637 | Spider:2 | 22637 ||| INVOKING Heroism.
 22646 | Spider:2 | Killed Louise
 22698 | Spider:2 | 22698 ||| INVOKING Heroism.
 22815 | Spider:2 | 22815 ||| INVOKING Heroism.
 23079 | Spider:2 | 23079 ||| Stepping ~*~*~tactically~*~*~ (hiding).
 23081 | Spider:2 | 23081 ||| Stepping ~*~*~tactically~*~*~ (hiding).
 23346 | Spider:2 | 23346 ||| UPGRADING to +2 tower shield.
 23356 | Spider:2 | 23356 ||| DROPPING +0 kite shield.
 23448 | Spider:3 | 23448 ||| INVOKING Heroism.
 23483 | Spider:3 | 23483 ||| READING scroll of enchant armour.
 23483 | Spider:3 | 23483 ||| ENCHANTING +0 helmet.
 23497 | Spider:3 | 23497 ||| Stepping ~*~*~tactically~*~*~ (hiding).
 23499 | Spider:3 | 23499 ||| Stepping ~*~*~tactically~*~*~ (hiding).
 23504 | Spider:3 | 23504 ||| INVOKING Heroism.
 23518 | Spider:3 | Reached XP level 17. HP: 108/108 MP: 24/24
 23523 | Spider:3 | 23523 ||| Stepping ~*~*~tactically~*~*~ (stealth).
 23539 | Spider:3 | 23539 ||| INVOKING Heroism.
 23568 | Spider:3 | 23568 ||| INVOKING Heroism.
 23569 | Spider:3 | 23569 ||| DRINKING 8 potions of curing.
 23569 | Spider:3 | 23569 ||| (to cure confusion)
 23578 | Spider:3 | HP: 27/108 [burnt (1)]
 23579 | Spider:3 | 23579 ||| READING 11 scrolls of teleportation.
 23579 | Spider:3 | HP: 8/108 [disintegration (7)]
 23580 | Spider:3 | 23580 ||| DRINKING 3 potions of heal wounds.
 23581 | Spider:3 | 23581 ||| DRINKING 2 potions of heal wounds.
 23665 | Spider:3 | 23665 ||| Stepping ~*~*~tactically~*~*~ (stealth).
 23673 | Spider:3 | Received a gift from Okawaru
 23761 | Spider:3 | Found a transporter.
 23763 | Spider:3 | Found a transporter.
 23869 | Spider:3 | 23869 ||| INVOKING Heroism.
 23908 | Spider:3 | 23908 ||| Stepping ~*~*~tactically~*~*~ (stealth).
 23937 | Spider:3 | 23937 ||| INVOKING Heroism.
 23961 | Spider:3 | 23961 ||| Stepping ~*~*~tactically~*~*~ (stealth).
 23962 | Spider:3 | 23962 ||| Stepping ~*~*~tactically~*~*~ (stealth).
 23969 | Spider:3 | 23969 ||| DRINKING 7 potions of curing.
 23969 | Spider:3 | 23969 ||| (to cure confusion)
 24184 | Spider:3 | 24184 ||| Stepping ~*~*~tactically~*~*~ (stealth).
 24186 | Spider:3 | 24186 ||| Stepping ~*~*~tactically~*~*~ (stealth).
 24211 | Spider:3 | Reached skill level 15 in Shields
 24364 | Spider:3 | 24364 ||| PLANNING SHOALS:1-3
 24493 | Shoals:1 | Entered Level 1 of the Shoals
 24507 | Shoals:1 | 24507 ||| STAIRDANCE
 24604 | Shoals:1 | 24604 ||| READING scroll of enchant armour.
 24604 | Shoals:1 | 24604 ||| ENCHANTING +1 helmet.
 24637 | Shoals:1 | 24637 ||| INVOKING Heroism.
 24663 | Shoals:1 | HP: 25/108 [snapping turtle (5)]
 24664 | Shoals:1 | 24664 ||| READING 11 scrolls of teleportation.
 24665 | Shoals:1 | 24665 ||| DRINKING potion of heal wounds.
 24743 | Shoals:1 | 24743 ||| Stepping ~*~*~tactically~*~*~ (stealth).
 24756 | Shoals:1 | 24756 ||| Stepping ~*~*~tactically~*~*~ (stealth).
 24763 | Shoals:1 | 24763 ||| Stepping ~*~*~tactically~*~*~ (hiding).
 24779 | Shoals:1 | 24779 ||| READING scroll of enchant armour.
 24779 | Shoals:1 | 24779 ||| ENCHANTING +0 pair of boots.
 24807 | Shoals:1 | 24807 ||| INVOKING Heroism.
 24896 | Shoals:1 | Received a gift from Okawaru
 25202 | Shoals:1 | 25202 ||| INVOKING Heroism.
 25203 | Shoals:1 | 25203 ||| Stepping ~*~*~tactically~*~*~ (hiding).
 25204 | Shoals:1 | 25204 ||| Stepping ~*~*~tactically~*~*~ (hiding).
 25217 | Shoals:1 | Received a gift from Okawaru
 25230 | Shoals:1 | 25230 ||| INVOKING Heroism.
 25252 | Shoals:1 | 25252 ||| Stepping ~*~*~tactically~*~*~ (hiding).
 25457 | Shoals:1 | Received a gift from Okawaru
 25650 | Shoals:2 | Found Kayt's Assorted Antiques.
 25651 | Shoals:2 | 25651 ||| INVOKING Heroism.
 25682 | Shoals:2 | 25682 ||| READING scroll of enchant armour.
 25682 | Shoals:2 | 25682 ||| ENCHANTING +1 pair of boots.
 25692 | Shoals:2 | 25692 ||| BUYING brass wand (128 gold).
 25692 | Shoals:2 | Bought a brass wand for 128 gold pieces
 25692 | Shoals:2 | 25692 ||| BUYING potion of enlightenment (160 gold).
 25692 | Shoals:2 | Bought a potion of enlightenment for 160 gold pieces
 25692 | Shoals:2 | 25692 ||| BUYING potion of heal wounds (160 gold).
 25692 | Shoals:2 | Bought a potion of heal wounds for 160 gold pieces
 25705 | Shoals:2 | 25705 ||| Stepping ~*~*~tactically~*~*~ (hiding).
 25707 | Shoals:2 | 25707 ||| Stepping ~*~*~tactically~*~*~ (hiding).
 25708 | Shoals:2 | 25708 ||| Stepping ~*~*~tactically~*~*~ (hiding).
 25709 | Shoals:2 | 25709 ||| Stepping ~*~*~tactically~*~*~ (hiding).
 25848 | Shoals:2 | Identified the +3 trident "Pappeone" {vamp, rElec}
 25857 | Shoals:2 | 25857 ||| Stepping ~*~*~tactically~*~*~ (hiding).
 25881 | Shoals:2 | 25881 ||| INVOKING Heroism.
 26078 | Shoals:2 | 26078 ||| INVOKING Heroism.
 26294 | Shoals:2 | 26294 ||| Stepping ~*~*~tactically~*~*~ (hiding).
 26295 | Shoals:2 | 26295 ||| Stepping ~*~*~tactically~*~*~ (hiding).
 26296 | Shoals:2 | 26296 ||| INVOKING Heroism.
 26309 | Shoals:2 | 26309 ||| DRINKING 6 potions of curing.
 26309 | Shoals:2 | 26309 ||| (to cure confusion)
 26315 | Shoals:2 | 26315 ||| INVOKING Heroism.
 26330 | Shoals:2 | Identified the ring of Spontaneous Combustion {rF+ Will+
                  | Str+2}
 26446 | Shoals:2 | 26446 ||| INVOKING Heroism.
 26447 | Shoals:2 | Noticed a tentacled monstrosity
 26461 | Shoals:2 | 26461 ||| READING 12 scrolls of teleportation.
 26464 | Shoals:2 | Killed a tentacled monstrosity
 26562 | Shoals:2 | Noticed a kraken
 26589 | Shoals:2 | Killed a kraken
 26602 | Shoals:2 | 26602 ||| INVOKING Heroism.
 26831 | Shoals:2 | 26831 ||| DROPPING wand of iceblast (5).
 26871 | Shoals:3 | 26871 ||| INVOKING Heroism.
 26871 | Shoals:3 | Noticed Ilsuiw
 26909 | Shoals:3 | Killed Ilsuiw
 26910 | Shoals:3 | Reached XP level 18. HP: 81/114 MP: 25/25
 26913 | Shoals:3 | Received a gift from Okawaru
 26938 | Shoals:3 | Reached skill level 18 in Axes
 26955 | Shoals:3 | 26955 ||| DROPPING +4 morningstar.
 26956 | Shoals:3 | 26956 ||| DROPPING +8 whip of Nemelex Xobeh's Favour
                  | {speed, rCorr Dex+3}.
 27096 | Shoals:3 | 27096 ||| INVOKING Heroism.
 27134 | Shoals:3 | 27134 ||| Stepping ~*~*~tactically~*~*~ (stealth).
 27229 | Shoals:3 | 27229 ||| Stepping ~*~*~tactically~*~*~ (hiding).
 27230 | Shoals:3 | 27230 ||| Stepping ~*~*~tactically~*~*~ (hiding).
 27250 | Shoals:3 | 27250 ||| READING scroll of enchant armour.
 27250 | Shoals:3 | 27250 ||| ENCHANTING +0 cloak.
 27391 | Shoals:3 | 27391 ||| Stepping ~*~*~tactically~*~*~ (hiding).
 27399 | Shoals:3 | 27399 ||| INVOKING Heroism.
 27498 | Shoals:3 | 27498 ||| INVOKING Heroism.
 27531 | Shoals:3 | Received a gift from Okawaru
 27960 | Shoals:3 | 27960 ||| PLANNING SPIDER:4
 27960 | Shoals:3 | 27960 ||| READING scroll labelled KEOPNOACUG.
 28094 | Spider:4 | Entered Level 4 of the Spider Nest
 28109 | Spider:4 | Found a runed translucent gate.
 28117 | Spider:4 | 28117 ||| Stepping ~*~*~tactically~*~*~ (stealth).
 28124 | Spider:4 | 28124 ||| INVOKING Heroism.
 28182 | Spider:4 | 28182 ||| Stepping ~*~*~tactically~*~*~ (stealth).
 28184 | Spider:4 | 28184 ||| Stepping ~*~*~tactically~*~*~ (stealth).
 28219 | Spider:4 | 28219 ||| INVOKING Heroism.
 28270 | Spider:4 | Found a runed translucent gate.
 28270 | Spider:4 | Found a runed translucent gate.
 28272 | Spider:4 | Noticed qw's ghost (adept DEHu)
 28272 | Spider:4 | Noticed qw's ghost (adept MiHs)
 28326 | Spider:4 | 28326 ||| Stepping ~*~*~tactically~*~*~ (stealth).
 28327 | Spider:4 | 28327 ||| INVOKING Heroism.
 28329 | Spider:4 | 28329 ||| Stepping ~*~*~tactically~*~*~ (stealth).
 28340 | Spider:4 | Reached skill level 18 in Shields
 28364 | Spider:4 | 28364 ||| Stepping ~*~*~tactically~*~*~ (stealth).
 28381 | Spider:4 | 28381 ||| Stepping ~*~*~tactically~*~*~ (stealth).
 28385 | Spider:4 | 28385 ||| Stepping ~*~*~tactically~*~*~ (hiding).
 28396 | Spider:4 | Received a gift from Okawaru
 28404 | Spider:4 | 28404 ||| Stepping ~*~*~tactically~*~*~ (stealth).
 28406 | Spider:4 | 28406 ||| Stepping ~*~*~tactically~*~*~ (hiding).
 28440 | Spider:4 | 28440 ||| Stepping ~*~*~tactically~*~*~ (stealth).
 28470 | Spider:4 | 28470 ||| FLEEEEING.
 28473 | Spider:4 | 28473 ||| FLEEEEING.
 28474 | Spider:4 | 28474 ||| FLEEEEING.
 28475 | Spider:4 | 28475 ||| FLEEEEING.
 28476 | Spider:4 | 28476 ||| FLEEEEING.
 28477 | Spider:4 | 28477 ||| FLEEEEING.
 28478 | Spider:4 | 28478 ||| FLEEEEING.
 28479 | Spider:4 | 28479 ||| FLEEEEING.
 28481 | Spider:4 | 28481 ||| FLEEEEING.
 28482 | Spider:4 | 28482 ||| FLEEEEING.
 28483 | Spider:4 | 28483 ||| FLEEEEING.
 28534 | Spider:4 | 28534 ||| Stepping ~*~*~tactically~*~*~ (stealth).
 28543 | Spider:4 | 28543 ||| INVOKING Heroism.
 28675 | Spider:4 | 28675 ||| INVOKING Heroism.
 28716 | Spider:4 | Got a gossamer rune of Zot
 28736 | Spider:4 | 28736 ||| INVOKING Heroism.
 28800 | Spider:4 | 28800 ||| Stepping ~*~*~tactically~*~*~ (stealth).
 28804 | Spider:4 | 28804 ||| Stepping ~*~*~tactically~*~*~ (hiding).
 28899 | Spider:4 | 28899 ||| Stepping ~*~*~tactically~*~*~ (hiding).
 28904 | Spider:4 | 28904 ||| INVOKING Heroism.
 29106 | Spider:4 | 29106 ||| Stepping ~*~*~tactically~*~*~ (stealth).
 29182 | Spider:4 | 29182 ||| PLANNING VAULTS:1-4
 29182 | Spider:4 | 29182 ||| DROPPING +1 hat.
 29183 | Spider:4 | 29183 ||| PLANNING D
 29183 | Spider:4 | 29183 ||| DROPPING +0 hat of willpower.
 29184 | Spider:4 | 29184 ||| DRINKING 3 purple potions.
 29299 | D:8      | 29299 ||| Stepping ~*~*~tactically~*~*~ (stealth).
 29413 | D:13     | 29413 ||| PLANNING VAULTS:1-4
 29415 | D:12     | 29415 ||| PLANNING D
 29415 | D:12     | 29415 ||| PLANNING VAULTS:1-4
 29427 | D:11     | 29427 ||| PLANNING D:1-11
 29427 | D:11     | 29427 ||| PLANNING D
 29441 | D:13     | 29441 ||| PLANNING VAULTS:1-4
 29443 | D:12     | 29443 ||| PLANNING D
 29443 | D:12     | 29443 ||| PLANNING VAULTS:1-4
 53553 | D:12     | Glimpsed the power of Zot.
 54053 | D:12     | Glimpsed the power of Zot.
 54453 | D:12     | Glimpsed the power of Zot.
 54553 | D:12     | Touched by the power of Zot (MHP 117 -> 95)
 54554 | D:12     | 54554 ||| PLANNING D
 54554 | D:12     | Glimpsed the power of Zot.
 54569 | D:13     | 54569 ||| PLANNING VAULTS:1-4
 54571 | D:12     | 54571 ||| PLANNING D
 54571 | D:12     | 54571 ||| PLANNING VAULTS:1-4
 55053 | D:12     | Glimpsed the power of Zot.
 55453 | D:12     | Glimpsed the power of Zot.
 55552 | D:12     | Touched by the power of Zot (MHP 100 -> 81)
 55553 | D:12     | 55553 ||| PLANNING D
 55553 | D:12     | Glimpsed the power of Zot.
 55565 | D:13     | 55565 ||| PLANNING VAULTS:1-4
 55567 | D:12     | 55567 ||| PLANNING D
 55567 | D:12     | 55567 ||| PLANNING VAULTS:1-4
 56052 | D:12     | Glimpsed the power of Zot.
 56452 | D:12     | Glimpsed the power of Zot.
 56551 | D:12     | Touched by the power of Zot (MHP 84 -> 67)
 56552 | D:12     | 56552 ||| PLANNING D
 56552 | D:12     | Glimpsed the power of Zot.
 56565 | D:13     | 56565 ||| PLANNING VAULTS:1-4
 56567 | D:12     | 56567 ||| PLANNING D
 56567 | D:12     | 56567 ||| PLANNING VAULTS:1-4
 57051 | D:12     | Glimpsed the power of Zot.
 57451 | D:12     | Glimpsed the power of Zot.
 57550 | D:12     | Touched by the power of Zot (MHP 71 -> 57)
 57551 | D:12     | 57551 ||| PLANNING D
 57551 | D:12     | Glimpsed the power of Zot.
 57559 | D:13     | 57559 ||| PLANNING VAULTS:1-4
 57561 | D:12     | 57561 ||| PLANNING D
 57561 | D:12     | 57561 ||| PLANNING VAULTS:1-4
 58050 | D:12     | Glimpsed the power of Zot.
 58450 | D:12     | Glimpsed the power of Zot.
 58549 | D:12     | Touched by the power of Zot (MHP 60 -> 47)
 58550 | D:12     | 58550 ||| PLANNING D
 58550 | D:12     | Glimpsed the power of Zot.
 58573 | D:13     | 58573 ||| PLANNING VAULTS:1-4
 58575 | D:12     | 58575 ||| PLANNING D
 58575 | D:12     | 58575 ||| PLANNING VAULTS:1-4
 59049 | D:12     | Glimpsed the power of Zot.
 59449 | D:12     | Glimpsed the power of Zot.
 59548 | D:12     | Touched by the power of Zot (MHP 49 -> 38)
 59549 | D:12     | 59549 ||| PLANNING D
 59549 | D:12     | Glimpsed the power of Zot.
 59556 | D:13     | 59556 ||| PLANNING VAULTS:1-4
 59558 | D:12     | 59558 ||| PLANNING D
 59558 | D:12     | 59558 ||| PLANNING VAULTS:1-4
 60048 | D:12     | Glimpsed the power of Zot.
 60448 | D:12     | Glimpsed the power of Zot.
 60547 | D:12     | Touched by the power of Zot (MHP 40 -> 31)
 60548 | D:12     | 60548 ||| PLANNING D
 60548 | D:12     | Glimpsed the power of Zot.
 60556 | D:13     | 60556 ||| PLANNING VAULTS:1-4
 60558 | D:12     | 60558 ||| PLANNING D
 60558 | D:12     | 60558 ||| PLANNING VAULTS:1-4
 61047 | D:12     | Glimpsed the power of Zot.
 61447 | D:12     | Glimpsed the power of Zot.
 61546 | D:12     | Touched by the power of Zot (MHP 33 -> 25)
 61547 | D:12     | 61547 ||| PLANNING D
 61547 | D:12     | Glimpsed the power of Zot.
 61573 | D:13     | 61573 ||| PLANNING VAULTS:1-4
 61575 | D:12     | 61575 ||| PLANNING D
 61575 | D:12     | 61575 ||| PLANNING VAULTS:1-4
 62046 | D:12     | Glimpsed the power of Zot.
 62446 | D:12     | Glimpsed the power of Zot.
 62545 | D:12     | Touched by the power of Zot (MHP 27 -> 20)
 62546 | D:12     | 62546 ||| PLANNING D
 62546 | D:12     | Glimpsed the power of Zot.
 62554 | D:13     | 62554 ||| PLANNING VAULTS:1-4
 62556 | D:12     | 62556 ||| PLANNING D
 62556 | D:12     | 62556 ||| PLANNING VAULTS:1-4
 63045 | D:12     | Glimpsed the power of Zot.
 63445 | D:12     | Glimpsed the power of Zot.
 63544 | D:12     | Touched by the power of Zot (MHP 21 -> 15)
 63545 | D:12     | 63545 ||| PLANNING D
 63545 | D:12     | Glimpsed the power of Zot.
 63553 | D:13     | 63553 ||| PLANNING VAULTS:1-4
 63555 | D:12     | 63555 ||| PLANNING D
 63555 | D:12     | 63555 ||| PLANNING VAULTS:1-4
 64044 | D:12     | Glimpsed the power of Zot.
 64444 | D:12     | Glimpsed the power of Zot.
 64543 | D:12     | Touched by the power of Zot (MHP 16 -> 11)
 64544 | D:12     | 64544 ||| PLANNING D
 64544 | D:12     | Glimpsed the power of Zot.
 64563 | D:13     | 64563 ||| PLANNING VAULTS:1-4
 64565 | D:12     | 64565 ||| PLANNING D
 64565 | D:12     | 64565 ||| PLANNING VAULTS:1-4
 65043 | D:12     | Glimpsed the power of Zot.
 65443 | D:12     | Glimpsed the power of Zot.
 65542 | D:12     | Touched by the power of Zot (MHP 12 -> 7)
 65543 | D:12     | 65543 ||| PLANNING D
 65543 | D:12     | Glimpsed the power of Zot.
 65558 | D:13     | 65558 ||| PLANNING VAULTS:1-4
 65560 | D:12     | 65560 ||| PLANNING D
 65560 | D:12     | 65560 ||| PLANNING VAULTS:1-4
 66042 | D:12     | Glimpsed the power of Zot.
 66442 | D:12     | Glimpsed the power of Zot.
 66541 | D:12     | Touched by the power of Zot (MHP 8 -> 4)
 66542 | D:12     | 66542 ||| PLANNING D
 66542 | D:12     | Glimpsed the power of Zot.
 66556 | D:13     | 66556 ||| PLANNING VAULTS:1-4
 66558 | D:12     | 66558 ||| PLANNING D
 66558 | D:12     | 66558 ||| PLANNING VAULTS:1-4
 67041 | D:12     | Glimpsed the power of Zot.
 67441 | D:12     | Glimpsed the power of Zot.
 67540 | D:12     | Touched by the power of Zot (MHP 5 -> 2)
 67541 | D:12     | 67541 ||| PLANNING D
 67541 | D:12     | Glimpsed the power of Zot.
 67558 | D:13     | 67558 ||| PLANNING VAULTS:1-4
 67560 | D:12     | 67560 ||| PLANNING D
 67560 | D:12     | 67560 ||| PLANNING VAULTS:1-4
 67824 | D:12     | Fell from the grace of Okawaru
 67837 | D:12     | 67837 ||| PLANNING OKAWARU WORSHIP
 67961 | D:4      | Became a worshipper of Warmaster Okawaru
 67962 | D:4      | 67962 ||| PLANNING D
 68034 | D:8      | Glimpsed the power of Zot.
 68107 | D:13     | 68107 ||| PLANNING VAULTS:1-4
 68109 | D:12     | 68109 ||| PLANNING D
 68109 | D:12     | 68109 ||| PLANNING VAULTS:1-4
 68431 | D:12     | Glimpsed the power of Zot.
 68530 | D:12     | Touched by the power of Zot (MHP 3 -> 1)
 68531 | D:12     | 68531 ||| QUITTING!
 68531 | D:12     | Quit the game

Levels and vault maps discovered:
D:1:      lightli_arrival_flooded_house, layout_rooms
D:2:      kennysheep_big_flooded_room, layout_loops_ring,
          kennysheep_generic_room_13
D:3:      layout_loops_corners
D:4:      layout_cave_pools, nicolae_overflows_in_rows, nicolae_shop_self_help
D:5:      layout_cave_pools, lemuel_crystal_altar, kennysheep_mini,
          serial_shops, shop, enter_ossuary_2, amcnicky_mini_pool_medium
D:6:      layout_basic, elyvilon_altar_1, minmay_temple_entry_ruins,
          uniq_duvessa, uniq_blork_the_orc, uniq_eustachio
D:7:      layout_rooms, lemuel_doored_altar, serial_shops, shop,
          gammafunk_ghost_arena
D:8:      minmay_the_grid_octo_2x2 [minmay_the_grid_octo_clover,
          minmay_the_grid_octo_horde, minmay_the_grid_octo_focus,
          minmay_the_grid_octo_prize_square_snowflake], layout_basic,
          david_lair_generic, minmay_holes, the_hattery
D:9:      layout_cave_pools, uniq_erolcha
D:10:     layout_loops_ring, mainiacjoe_overflow_boulevard, lightli_orcish_oven
D:11:     layout_rooms, david_orc_1_choice, serial_rivers,
          chequers_serial_rivers_large_a, chequers_serial_rivers_small_a,
          chequers_serial_rivers_large_b, chequers_serial_rivers_room_a
D:12:     layout_irregular_city, nicolae_titane
D:13:     layout_loops_ring, grunt_vaults_entry_fortified, serial_glass,
          glass_columns_b, glass_columns_b
D:14:     layout_roguey, serial_bayou_lagoon_a, minmay_protected_statue
D:15:     gammafunk_enter_depths_forms, layout_gridville, xom_teletrap_fun,
          uniq_rupert
Lair:1:   layout_regular_city, portal_ice_cave_entry_pillars_1,
          chequers_serial_rivers_micro_d
Lair:2:   layout_roguey, grunt_megastairs_1
Lair:3:   beast_lair_carwin_large_3, layout_misc_corridors,
          minmay_shoals_entry_lonely_mermaid, nicolae_spider_entry_tight_spaces,
          serial_bayou_pond_c, uniq_snorg, uniq_prince_ribbit2, uniq_amaemon,
          uniq_urug
Lair:4:   layout_cave_pods, gammafunk_ghost_berserking_beasts
Lair:5:   minmay_lair_end_enchanted_forest, layout_cave_pods, slime_entry_1,
          minmay_lair_oklob_bushes, chequers_serial_rivers_room_a
Shoals:1: layout_shoals, nicolae_shoals_spring_well_temple
Shoals:2: dreamdust_from_the_deep, layout_shoals, serial_shops, shop
Shoals:3: layout_shoals, uniq_ilsuiw
Spider:1: layout_spider_delve, hangedman_spider_tarantella_strand
Spider:2: layout_spider_delve, drop_trap, uniq_louise
Spider:3: gammafunk_boulding_lane
Spider:4: grunt_spider_rune_circles, gammafunk_ghost_cemetery
Orc:1:    lemuel_ogre_cave, layout_caves, lemuel_statue_altar
Orc:2:    st_orc_mages, layout_caves

Skill      XL: |  1  2  3  4  5  6  7  8  9 10 11 12 13 14 15 16 17 18 |
---------------+-------------------------------------------------------+-----
Axes           | 2 3 4 5 7 8 10 11 12 13 15 16 17 18 | 18.0
Shields        | 4 5 7 8 9 10 11 12 13 17 18 | 18.0
Fighting       | 4 5 6 7 8 9 10 11 12 13 14 | 14.6
Invocations    | 3 4 7 10 | 10.0
Armour         | 4 5 7 8 9 10 11 12 13 14 | 14.1
Dodging        | 1 2 4 |  4.9
Throwing       | 1 3 4 5 6 7 |  7.0

Action                     |  1- 3 |  4- 6 |  7- 9 | 10-12 | 13-15 | 16-18 || total
---------------------------+-------+-------+-------+-------+-------+-------++-------
  Melee: War axe           |    97 |   168 |    80 |       |       |       ||   345
         Broad axe         |       |       |   173 |   343 |   853 |  1346 ||  2715
         Morningstar       |       |       |       |       |     9 |       ||     9
         Unarmed           |       |       |       |       |       |     3 ||     3
  Throw: Boomerang         |    12 |    42 |    11 |   151 |    52 |   118 ||   386
         Javelin           |       |       |       |    15 |   200 |   158 ||   373
 Invoke: Heroism           |       |       |    11 |    24 |    26 |    38 ||    99
         Finesse           |       |       |       |     1 |     4 |     1 ||     6
    Use: Scroll            |     1 |    11 |    10 |     4 |     8 |     9 ||    43
         Potion            |       |     2 |     3 |     1 |     3 |     8 ||    17
   Stab: Distracted        |       |       |       |       |       |     1 ||     1
 Armour: Scale mail        |    39 |       |       |       |       |       ||    39
         Chain mail        |    25 |    41 |       |       |       |       ||    66
         Plate armour      |       |    92 |   213 |   241 |   506 |   644 ||  1696
         Skin              |       |       |       |       |       |     3 ||     3
  Dodge: Dodged            |    41 |    48 |    79 |    80 |   187 |   308 ||   743
  Block: Buckler           |    23 |    10 |       |       |       |       ||    33
         Kite shield       |       |    53 |   134 |   174 |   433 |   208 ||  1002
         Tower shield      |       |       |       |       |       |   995 ||   995

Table legend:
 A = Non-vault XP
 B = Vault XP
 C = Vault XP percentage of total XP
 D = Non-vault monster count
 E = Vault monster count
 F = Vault count percentage of total count
                 A         B        C        D         E       F
            +---------+---------+-------+---------+---------+-------
      Total |  209521 |   86652 |  29.3 |     774 |     278 |  26.4
            +---------+---------+-------+---------+---------+-------
        D:1 |      43 |       0 |   0.0 |      24 |       0 |   0.0
        D:2 |      47 |      18 |  27.7 |      18 |       4 |  18.2
        D:3 |     149 |       0 |   0.0 |      26 |       0 |   0.0
        D:4 |     234 |       0 |   0.0 |      19 |       0 |   0.0
        D:5 |     515 |     331 |  39.1 |      18 |       3 |  14.3
        D:6 |     964 |     465 |  32.5 |      18 |       4 |  18.2
        D:7 |    1588 |       0 |   0.0 |      28 |       0 |   0.0
        D:8 |    2476 |   10776 |  81.3 |      26 |      30 |  53.6
        D:9 |    2290 |     998 |  30.4 |      20 |       2 |   9.1
       D:10 |    2356 |      15 |   0.6 |      17 |       5 |  22.7
       D:11 |    4214 |    1493 |  26.2 |      14 |      11 |  44.0
       D:12 |    2792 |       0 |   0.0 |      11 |       0 |   0.0
       D:13 |    3141 |       0 |   0.0 |       5 |       0 |   0.0
       D:14 |   13831 |       0 |   0.0 |      30 |       0 |   0.0
       D:15 |    5843 |    6848 |  54.0 |      11 |      11 |  50.0
     Lair:1 |    1530 |       0 |   0.0 |       7 |       0 |   0.0
     Lair:2 |    6427 |    1131 |  15.0 |      23 |       6 |  20.7
     Lair:3 |    8453 |    8193 |  49.2 |      34 |      26 |  43.3
     Lair:4 |    8426 |       0 |   0.0 |      33 |       0 |   0.0
     Lair:5 |   29339 |    8678 |  22.8 |      80 |      42 |  34.4
   Shoals:1 |   21373 |    3644 |  14.6 |      47 |       7 |  13.0
   Shoals:2 |    9053 |    9288 |  50.6 |      18 |      10 |  35.7
   Shoals:3 |   18033 |    3836 |  17.5 |      44 |       6 |  12.0
   Spider:1 |    9901 |     295 |   2.9 |      29 |       1 |   3.3
   Spider:2 |   13853 |    1270 |   8.4 |      31 |       1 |   3.1
   Spider:3 |   21708 |       0 |   0.0 |      46 |       0 |   0.0
   Spider:4 |   13870 |   17687 |  56.0 |      32 |      34 |  51.5
      Orc:1 |    4962 |    6665 |  57.3 |      39 |      20 |  33.9
      Orc:2 |    2110 |    4747 |  69.2 |      26 |      39 |  60.0
    Ossuary |       0 |     274 | 100.0 |       0 |      16 | 100.0
            +---------+---------+-------+---------+---------+-------
